 Dungeon Crawl Stone Soup version 0.18-a0-1180-g64ccc1e (webtiles) character file.

46 Leszczynek the Sneak (level 3, -4/28 HPs)
             Began as a Naga Wizard on Jan 27, 2016.
             Slain by Terence
             ... wielding a +2 flail of protection
              (8 damage)
             ... on level 2 of the Dungeon.
             The game lasted 00:07:25 (1972 turns).

Leszczynek the Sneak (Naga Wizard)                  Turns: 1972, Time: 00:07:26

Health: -4/28      AC:  3    Str: 14    XL:     3   Next: 66%
Magic:  0/7        EV:  9    Int: 24    God:
Gold:   61         SH:  0    Dex:  9    Spells: 3 memorised, 2 levels left

rFire  + . .     SeeInvis +     n - +0 short sword
rCold  + . .     Gourm    .     a - +0 robe
rNeg   . . .     Faith    .     (no shield)
rPois  +         Spirit   .     u - +1 hat
rElec  +         Dismiss  .     (no cloak)
rCorr  +         Reflect  .     (no gloves)
SustAt .         Harm     .     (no barding)
MR     .....                    (no amulet)
Stlth  ++........               (no ring)
                                (no ring)

@: mighty, brilliant, resistant, very slightly contaminated, very slow, not
resistant to hostile enchantments, unstealthy
A: see invisible, deformed body, poison resistance, slowness 2, slow metabolism
1, spit poison 2, AC +1
a: Spit Poison


You were on level 2 of the Dungeon.
You were hungry.

You visited 1 branch of the dungeon, and saw 2 of its levels.

You collected 61 gold pieces.

Inventory:

Hand Weapons
 n - a +0 short sword (weapon)
Missiles
 j - 56 arrows
 k - 30 stones (quivered)
Armour
 a - a +0 robe (worn)
 h - a +0 leather armour
 u - a +1 hat (worn)
Scrolls
 e - 2 scrolls of fog {unknown}
 f - 2 scrolls of identify {unknown}
 g - a scroll of fear {unknown}
 i - a scroll of random uselessness {unknown}
 o - a scroll of immolation {unknown}
 p - a scroll of noise {unknown}
 s - a scroll of teleportation {unknown}
Books
 c - a book of Minor Magic

   Spells                             Type                      Level
   a - Magic Dart                     Conjuration                  1
   b - Blink                          Translocation                2
   c - Call Imp                       Summoning                    2
   d - Repel Missiles                 Charms/Air                   2
   e - Slow                           Hexes                        2
   f - Conjure Flame                  Conjuration/Fire             3
   g - Mephitic Cloud                 Conjuration/Poison/Air       3
Comestibles
 d - 2 bread rations
 r - a royal jelly


   Skills:
 - Level 1.5 Dodging
 - Level 3.0 Stealth
 - Level 3.0 Spellcasting
 - Level 2.1 Conjurations
 + Level 2.3 Summonings
   Level 1.0 Translocations
 * Level 1.1 Fire Magic


You had 2 spell levels left.
You knew the following spells:

 Your Spells              Type           Power        Failure   Level  Hunger
a - Magic Dart            Conj           ####         1%          1    None
b - Call Imp              Summ           ####....     1%          2    ##.....
c - Conjure Flame         Conj/Fire      ####....     2%          3    ###....


Dungeon Overview and Level Annotations

Branches:
Dungeon (2/15)

Altars:

Annotations:
D:2 Terence


Innate Abilities, Weirdness & Mutations

You cannot wear boots.
Your serpentine skin is tough (AC +1).
You have supernaturally acute eyesight.
Armour fits poorly on your strangely shaped body.
Your system is resistant to poisons.
You cover ground very slowly.
You have a slow metabolism.
You can spit poison.


Message History

You feel clever all of a sudden.
Drink which item? (? for menu, Esc to quit)
It was a potion of might.
You feel very mighty all of a sudden. Terence hits you but does no damage.
Drink which item? (? for menu, Esc to quit)
It was a potion of resistance.
You feel protected.
Terence hits you with a flail of protection.
Unknown command.
You barely miss Terence.
Terence is moderately wounded.
Terence hits you with a flail of protection!
* * * LOW HITPOINT WARNING * * *
All of the chunks of flesh in your inventory have rotted away.
Unknown command.
You hit Terence but do no damage.
Terence is moderately wounded.
Terence hits you with a flail of protection!
You die...

....(...###.......#######..
..........#........#######.
..........#................
..........................#..
..........................#..
....................##.##....
..........>........##..###..
..........#...#######...##.
#.........@@...............
#..####.#######.#######....
#######..####.# #.## #....
...#........#.# #..#######...
.....##...5...# ##......##...
....###......#########5.....#
...
...####........5............#
...
.............#########......#
### ...####.....## #......#


You could see Terence.

Vanquished Creatures
  2 giant geckos
  4 giant cockroaches
  3 goblins (D:1)
  4 hobgoblins
  4 bats
  A giant newt (D:1)
  5 kobolds (D:1)
  4 rats (D:1)
27 creatures vanquished.

Vanquished Creatures (collateral kills)
  An adder (D:1)
  2 worms (D:2)
  A ball python (D:1)
  A goblin (D:1)
  A hobgoblin (D:1)
6 creatures vanquished.

Grand Total: 33 creatures vanquished

Notes
Turn   | Place    | Note
--------------------------------------------------------------
     0 | D:1      | Leszczynek the Naga Wizard began the quest for the Orb.
     0 | D:1      | Reached XP level 1. HP: 15/15 MP: 4/4
   255 | D:1      | Reached XP level 2. HP: 14/22 MP: 4/6
   457 | D:1      | Learned a level 2 spell: Call Imp
  1221 | D:1      | Reached XP level 3. HP: 28/28 MP: 4/7
  1239 | D:1      | Learned a level 3 spell: Conjure Flame
  1856 | D:2      | Reached skill level 1 in Fire Magic
  1933 | D:2      | Noticed Terence
  1972 | D:2      | Slain by Terence

Vault maps used:
D:1:      dpeg_arrival_rooms_with_view, serial_glass, glass_columns_c,
          glass_columns_a
D:2:      minitemple, uniq_terence

Action                   || total
-------------------------++-------
Melee: Unarmed           ||    11
       Whip              ||     6
       Short sword       ||    31
Throw: Stone             ||     1
 Cast: Magic Dart        ||    41
       Call Imp          ||    12
  Use: Potion            ||     3
 Stab: Sleeping          ||     1
  Eat: Chunk             ||     2
